 Dungeon Crawl Stone Soup version 0.20.1-1-g8b1a95d (webtiles) character file.

48 ReignOfFire the Firebug (level 3, -1/14 HPs)
             Began as a Felid Fire Elementalist on July 20, 2017.
             Slain by an adder (4 damage)
             ... on level 2 of the Dungeon.
             The game lasted 00:04:32 (1397 turns).

ReignOfFire the Firebug (Felid Fire Elementalist)   Turns: 1397, Time: 00:04:32

Health: -1/14      AC:  1    Str:  4    XL:     3   Next: 50%
Magic:  3/7        EV: 18    Int: 17    God:
Gold:   88         SH:  0    Dex: 16    Spells: 6/7 levels left
                                        Lives:  0   Deaths: 0

rFire    . . .     SeeInvis +   (weapon unavailable)
rCold    . . .     Gourm    .   (shield unavailable)
rNeg     . . .     Faith    .   (armour unavailable)
rPois    .         Spirit   .   (helmet unavailable)
rElec    .         Reflect  .   (cloak unavailable)
rCorr    .         Harm     .   (gloves unavailable)
MR       .....                  (boots unavailable)
Stlth    +++.......             k - amulet of rage
Regen    0.1/turn               (no ring)
MPRegen  0.1/turn               (no ring)

@: quick
A: no armour, no weapons or thrown items, stealth, claws 1, fangs 3, see
invisible, carnivore 3, speed 1, shaggy fur 1, slow metabolism 1, sharp paws
a: Evoke Berserk Rage


You were on level 2 of the Dungeon.
You were very full.

You visited 1 branch of the dungeon, and saw 2 of its levels.

You collected 88 gold pieces.

Inventory:

Jewellery
 k - an amulet of rage (around neck)
 m - an uncursed ring of protection from cold {unknown}
Scrolls
 d - a scroll of remove curse {unknown}
 e - 2 scrolls of identify {unknown}
 f - 2 scrolls of teleportation {unknown}
 g - a scroll of enchant armour {unknown}
 l - a scroll of immolation {unknown}
Potions
 c - a potion of agility {unknown}
 h - a potion of flight {unknown}
 i - a potion of curing {unknown}
Books
 a - a book of Flames

   Spells                             Type                      Level
   a - Flame Tongue                   Conjuration/Fire             1
   b - Throw Flame                    Conjuration/Fire             2
   c - Conjure Flame                  Conjuration/Fire             3
   d - Inner Flame                    Hexes/Fire                   3
   e - Sticky Flame                   Conjuration/Fire             4
   f - Fireball                       Conjuration/Fire             5
Comestibles
 b - a meat ration
 n - a royal jelly


   Skills:
 + Level 3.0 Dodging
 + Level 2.9 Stealth
 + Level 0.4 Unarmed Combat
 + Level 2.5 Spellcasting
 + Level 1.5 Conjurations
 + Level 3.1 Fire Magic


You had 6 spell levels left.
You knew the following spells:

 Your Spells              Type           Power        Failure   Level  Hunger
a - Flame Tongue          Conj/Fire      ##...        7%          1    #......


Dungeon Overview and Level Annotations

Branches:
Dungeon (2/15)

Altars:


Innate Abilities, Weirdness & Mutations

You cannot wear armour.
You are incapable of wielding weapons or throwing items.
Your paws allow you to move quietly. (Stealth)
You have sharp claws.
You have razor-sharp teeth.
You have supernaturally acute eyesight. (SInv)
You are carnivorous and can eat meat at any time.
You cover ground quickly.
You are covered in fur. (AC +1)
You have a slow metabolism.
Your sharp claws are effective at attacking unaware monsters.


Message History

Casting: Flame Tongue
Confirm with . or Enter, or press ? or * to list all spells.
Aiming: Flame Tongue
Press: ? - help, Shift-Dir - straight line, f/p - adder
Aim: an adder (lightly wounded)
The flame tongue hits the adder.
The adder is heavily wounded.
The adder barely misses you. The adder closely misses you.
There is a stone staircase leading down here.
There is a stone staircase leading up here.
Casting: Flame Tongue
Confirm with . or Enter, or press ? or * to list all spells.
Aiming: Flame Tongue
Press: ? - help, Shift-Dir - straight line, f/p - adder
Aim: an adder (heavily wounded)
The flame tongue hits the adder.
The adder is heavily wounded.
The adder bites you.
You die...

#.....# #...รท.# # #.....# #.
#.....# <### ###.######## ..#
###.#......# #.# #.....####.#
##### ##.####.....####.#.#
....######.....S@...........#
............#.........#.#.###
###..####...#.##.....##[#...
..#..####.....##.#.........##
#...........####.#.#######.#
.......##...####....# <#
.......##....)......# .#
####......#.#####...# .#
##.##.##.# #)..#


You could see an adder.

Vanquished Creatures
  A gnoll (D:1)
  2 dart slugs
  A leopard gecko (D:1)
  3 bats
  2 giant cockroaches
  4 hobgoblins
  7 kobolds
  4 frilled lizards
  5 goblins
  5 rats
34 creatures vanquished.

Notes
Turn   | Place    | Note
-------+----------+-------------------------------------------
     0 | D:1      | ReignOfFire the Felid Fire Elementalist began the quest for the Orb.
     0 | D:1      | Reached XP level 1. HP: 7/7 MP: 4/4
    66 | D:1      | Reached skill level 1 in Conjurations
    66 | D:1      | Reached XP level 2. HP: 11/11 MP: 0/6
   865 | D:1      | Reached XP level 3. HP: 14/14 MP: 1/7
  1397 | D:2      | Slain by an adder

Skill      XL: |  1  2 |
---------------+-------+-----
Conjurations   | 1 |  1.5
Fire Magic     | 3 |  3.1
Dodging        | 3 |  3.0
Stealth        | |  2.9
Unarmed Combat | |  0.4
Spellcasting   | |  2.5

Action                   || total
-------------------------++-------
Melee: Unarmed           ||     6
 Cast: Flame Tongue      ||    61
  Eat: Chunk             ||     8
Armor: Skin              ||     1
Dodge: Dodged            ||    29
